Map: Путь на Айур РВ

Players

ƎDǃBee

  • Race: Zerg Zerg
  • League: Grandmaster
  • Spawn Location: 5:00

Kas - Winner!

  • Race: Terran Terran
  • League: Master
  • Spawn Location: 11:00

VOD

Have the link to the VOD?

Description

Zerg vs Ter 3D!Bee vs Kas

Time

  • Played on: July 27, 2017, 11:22 a.m.
  • Length: 16:56
Show
View Real Time Build Order
Export as new Build Order

ƎDǃBee Zerg 

Build Orders: Pool First, Muta Ling Bane 

Get SALT Encoding   

  12  0:18  Spawning Pool  
  12  0:20  Extractor  
  10  0:24  Drone  
  11  0:29  Drone  
  11  0:35  Drone  
  13  0:40  Drone  
  14  0:50  Overlord  
  14  1:08  Roach Warren  
  14  1:09  Zergling x2  
  14  1:14  Drone  
  16  1:18  Drone  
  16  1:29  Burrow  
  16  1:48  Roach x2  
  16  1:51  Roach  
  22  2:01  Drone, Evolution Chamber  
  22  2:26  Hatchery  
  20  2:32  Overlord  
  20  2:36  Drone  
  21  2:40  Drone  
  22  2:52  Queen  
  22  2:55  Drone  
  25  2:59  Drone  
  26  3:09  Drone  
  27  3:16  Drone  
  28  3:23  Roach x2  
  28  3:26  Roach  
  28  3:29  Roach x2  
  28  3:30  Queen  
  28  3:31  Roach  
  28  3:32  Overlord  
  30  3:35  Roach x2  
  30  3:40  Queen, Drone  
  33  3:41  Roach  
  33  3:49  Drone  
  33  3:53  Drone x2  
  36  3:58  Metabolic Boost  
  36  3:59  Drone  
  36  4:02  Drone  
  32  4:04  Drone  
  32  4:05  Drone x2  
  35  4:11  Overlord  
  35  4:15  Zergling x2  
  36  4:18  Queen  
  36  4:22  Zergling x2  
  39  4:26  Roach  
  41  4:37  Hatchery  
  40  4:48  Zergling x4  
  40  4:49  Drone x2  
  40  4:51  Overlord  
  40  4:52  Drone x2  
  46  4:53  Drone  
  46  4:59  Drone  
  48  5:04  Drone x3  
  48  5:05  Overlord  
  51  5:08  Extractor  
  51  5:10  Overlord  
  50  5:17  Baneling Nest, Drone  
  50  5:21  Drone  
  50  5:22  Overlord  
  51  5:31  Spore Crawler, Drone  
  51  5:33  Spore Crawler  
  51  5:34  Drone x2  
  51  5:35  Drone  
  53  5:41  Drone x2  
  54  5:43  Spore Crawler  
  54  5:47  Lair  
  54  5:49  Drone  
  54  5:52  Extractor  
  53  5:58  Drone x4  
  56  6:07  Drone  
  56  6:09  Zergling x8  
  56  6:10  Zergling x2  
  56  6:11  Zergling x2  
  62  6:22  Drone x2  
  62  6:23  Extractor  
  62  6:25  Drone  
  64  6:26  Zerg Ground Armor Level 1  
  64  6:27  Drone x5  
  69  6:46  Overseer  
  67  6:49  Drone x8  
  67  6:52  Centrifical Hooks  
  67  6:54  Overlord x2  
  74  6:56  Pneumatized Carapace  
  71  7:07  Drone x4  
  75  7:12  Baneling  
  75  7:13  Baneling x6  
  75  7:15  Zergling x8  
  77  7:19  Spine Crawler  
  78  7:26  Zergling x4  
  78  7:27  Zergling x8  
  84  7:37  Zergling x4  
  84  7:38  Overlord x2  
  84  7:39  Overlord  
  86  7:44  Drone x2  
  88  7:53  Spire, Drone  
  88  7:54  Drone x4, Extractor x2, Zergling x4  
  88  7:55  Zergling x2  
  88  7:56  Baneling x3  
  88  7:57  Baneling x2  
  93  8:02  Overseer  
  93  8:03  Zergling x6  
  93  8:04  Zergling x2  
  97  8:05  Drone  
  97  8:06  Drone  
  99  8:24  Evolution Chamber  
  95  8:28  Zerg Ground Armor Level 2  
  95  8:31  Drone x3  
  95  8:32  Drone x2  
  100  8:35  Zergling x10  
  100  8:36  Zergling x8  
  109  8:42  Hatchery  
  108  8:49  Baneling x3  
  108  8:52  Zerg Melee Weapons Level 1  
  105  9:00  Zergling x10  
  105  9:01  Zergling x6  
  113  9:03  Spore Crawler  
  113  9:04  Spine Crawler  
  113  9:05  Spine Crawler  
  113  9:08  Baneling  
  113  9:09  Mutalisk x2, Zerg Flyer Weapons Level 1  
  111  9:10  Zergling x2  
  111  9:11  Zergling x8  
  111  9:17  Zergling x4  
  117  9:20  Zergling x2  
  117  9:21  Zergling x2  
  117  9:23  Zergling x2  
  120  9:28  Baneling  
  120  9:29  Zergling x2, Baneling x6  
  120  9:30  Zergling x2  
  122  9:33  Zergling x2  
  122  9:36  Zergling x2  
  120  9:41  Zergling x6  
  120  9:44  Zergling x6  
  113  9:48  Mutalisk x2  
  113  9:49  Mutalisk  
  113  9:50  Zergling x2  
  113  9:51  Zergling x2  
  111  9:53  Zergling x4  
  111  9:56  Zergling x2  
  111  9:59  Queen  
  112  10:00  Drone  
  112  10:06  Infestation Pit  
  109  10:16  Zergling x14  
  113  10:22  Drone  
  113  10:23  Drone x3  
  113  10:26  Overlord x2  
  117  10:30  Baneling x5  
  117  10:31  Baneling  
  117  10:42  Zergling x2  
  114  10:43  Zergling x18  
  114  10:45  Zergling x2  
  114  10:49  Zerg Melee Weapons Level 2  
  121  10:51  Pathogen Glands  
  121  10:52  Zergling x2, Hive  
  121  10:54  Zergling x2  
  121  10:55  Zergling x6  
  126  10:59  Zergling x2  
  126  11:00  Zergling x4  
  126  11:01  Baneling  
  126  11:02  Baneling x3  
  126  11:03  Zergling x2  
  130  11:04  Baneling  
  130  11:05  Baneling  
  130  11:06  Baneling x4  
  130  11:09  Zergling x4  
  130  11:10  Zergling x4  
  131  11:13  Zergling x2  
  131  11:14  Zergling x4  
  130  11:21  Infestor x2, Extractor x2  
  130  11:22  Overlord x3  
  130  11:23  Drone x2  
  134  11:28  Mutalisk  
  134  11:32  Zergling x10  
  136  11:41  Mutalisk x3  
  136  11:45  Zergling x2  
  136  11:46  Drone x4  
  146  11:58  Zergling x4  
  148  12:04  Zergling x4  
  148  12:07  Zergling x2  
  148  12:08  Infestor x2, Zergling x16, Hatchery  
  145  12:14  Baneling  
  145  12:15  Baneling x4  
  147  12:16  Zergling x8  
  147  12:17  Zergling x2  
  147  12:21  Zergling x2  
  147  12:22  Zergling x4  
  149  12:24  Zergling x2  
  149  12:28  Zergling x4  
  149  12:29  Mutalisk x2  
  129  12:31  Infestor  
  129  12:34  Infestor  
  128  12:44  Mutalisk x2  
  128  12:46  Zergling x2  
  125  12:53  Zergling x16  
  133  12:59  Zergling x2  
  133  13:00  Zergling x2  
  133  13:01  Zergling x4  
  133  13:02  Baneling x2  
  136  13:06  Baneling  
  136  13:07  Zergling x2  
  136  13:10  Adrenal Glands  
  136  13:14  Ultralisk Cavern  
  136  13:16  Zergling x6  
  138  13:22  Baneling x6  
  132  13:37  Zerg Ground Armor Level 3  
  132  13:38  Queen  
  132  13:39  Drone x3  
  132  13:40  Drone x3  
  127  14:15  Zerg Melee Weapons Level 3, Zergling x2  
  127  14:16  Zergling x8  
  133  14:17  Ultralisk  
  133  14:18  Zergling x2  
  133  14:19  Zergling x18  
  133  14:23  Zergling x4  
  145  14:26  Zergling x4  
  147  14:33  Zergling x4  
  145  14:41  Ultralisk x2  
  145  14:44  Zergling x2  
  157  14:51  Zergling x2  
  134  14:59  Zergling x6  
  124  15:20  Ultralisk Cavern  
  104  15:24  Zergling x12  
  104  15:25  Zergling x22  
  109  15:32  Queen  
  102  15:46  Infestor  
  102  15:47  Infestor x2  
  108  15:50  Hatchery  
  108  15:53  Infestor  
  108  15:54  Infestor  
  108  15:55  Zergling x2  
  108  15:56  Baneling  
  108  15:57  Baneling x10  
  112  16:08  Hatchery  
  110  16:11  Zergling x2  
Show
View Real Time Build Order
Export as new Build Order

Kas Terran - Winner!

Build Orders: Cyclone Opening, Reaper Expand, Bio Mine 

Get SALT Encoding   

  12  0:01  SCV  
  13  0:14  SCV  
  14  0:17  Supply Depot  
  14  0:26  SCV  
  15  0:29  Refinery  
  15  0:39  SCV  
  16  0:46  Barracks  
  16  0:51  SCV  
  17  1:03  SCV  
  18  1:15  SCV  
  19  1:33  Orbital Command, Reaper  
  20  1:45  Command Center  
  20  1:58  Factory  
  20  2:00  SCV  
  21  2:07  Refinery  
  21  2:09  Marine  
  21  2:21  SCV  
  22  2:27  Marine  
  23  2:33  Supply Depot  
  23  2:36  Bunker  
  23  2:55  SCV, Cyclone  
  27  2:59  Starport  
  27  3:02  Marine  
  28  3:07  SCV  
  27  3:19  SCV  
  24  3:27  Orbital Command  
  21  3:46  SCV  
  22  3:53  SCV  
  22  3:58  SCV  
  23  4:06  SCV  
  24  4:10  SCV  
  24  4:14  Starport Tech Lab  
  25  4:18  SCV  
  25  4:22  SCV  
  27  4:30  SCV  
  28  4:33  Banshee  
  28  4:34  SCV  
  28  4:35  Marine  
  33  4:42  SCV  
  34  4:45  Cloaking Field  
  34  4:46  SCV  
  34  4:51  Supply Depot  
  35  4:54  SCV  
  35  4:58  SCV  
  37  5:06  SCV  
  38  5:10  SCV  
  39  5:15  Banshee  
  39  5:18  SCV  
  39  5:20  Supply Depot  
  43  5:22  SCV, Factory Reactor  
  43  5:24  Barracks  
  43  5:25  Barracks Tech Lab  
  44  5:30  SCV  
  44  5:35  SCV, Engineering Bay  
  46  5:36  Engineering Bay  
  47  5:42  SCV  
  47  5:44  Supply Depot  
  47  5:45  Barracks  
  47  5:47  SCV  
  47  5:48  Stimpack  
  48  5:50  Marine  
  48  5:54  SCV  
  50  6:00  SCV  
  50  6:02  Terran Infantry Weapons Level 1  
  51  6:04  Refinery  
  51  6:07  SCV  
  51  6:08  Marine  
  53  6:13  SCV  
  53  6:16  Starport Reactor  
  54  6:20  SCV  
  54  6:22  Marine  
  54  6:23  Marine  
  54  6:24  Terran Infantry Armor Level 1  
  54  6:26  SCV, Marine  
  54  6:27  Supply Depot  
  56  6:33  Marine  
  58  6:40  SCV, Marine x2  
  58  6:44  Marine  
  61  6:47  SCV  
  61  6:51  Marine  
  61  6:52  Supply Depot, Factory Reactor  
  63  6:55  SCV  
  63  6:58  Marine  
  63  7:00  Marine  
  66  7:05  SCV, Marine, Medivac  
  66  7:06  Medivac  
  66  7:07  SCV  
  70  7:10  Command Center  
  70  7:15  Armory, Barracks Reactor, Supply Depot  
  70  7:16  Marine  
  70  7:18  Marine  
  70  7:21  SCV  
  73  7:23  Supply Depot  
  73  7:25  Marine, Supply Depot  
  73  7:29  Widow Mine x2  
  74  7:31  SCV  
  74  7:34  Marine  
  74  7:35  Marine, Refinery  
  81  7:43  Marine  
  82  7:46  SCV x2  
  82  7:49  Barracks  
  84  7:51  Barracks  
  84  7:52  Marine  
  84  7:53  Marine x3  
  84  7:58  SCV  
  89  7:59  SCV  
  89  8:00  Marine  
  89  8:05  Terran Infantry Weapons Level 2  
  91  8:07  Medivac  
  91  8:09  Combat Shields, Marine  
  91  8:10  SCV  
  91  8:11  Marine x2  
  97  8:13  Medivac  
  97  8:14  Marine  
  97  8:16  SCV  
  97  8:18  Marine  
  100  8:27  Orbital Command, Marine  
  100  8:29  Terran Infantry Armor Level 2  
  100  8:31  SCV x2  
  103  8:37  Barracks Reactor  
  103  8:40  Barracks Reactor  
  103  8:43  SCV x2  
  103  8:56  Marine  
  103  8:57  Marine  
  103  8:59  Marine x2  
  103  9:01  Marine, Medivac x2  
  112  9:04  Supply Depot  
  112  9:05  Supply Depot x2  
  106  9:12  Orbital Command  
  106  9:14  Marine x2  
  106  9:16  SCV x2  
  106  9:17  Marine x5  
  110  9:20  Marine  
  110  9:23  Marine  
  117  9:28  SCV  
  117  9:32  Marine  
  117  9:37  Marine  
  99  9:51  Marine  
  99  9:52  SCV, Marine x2  
  92  9:53  SCV  
  92  9:54  Marine  
  92  9:55  Marine x3  
  92  9:56  SCV  
  89  10:01  Widow Mine, Marine x2  
  89  10:02  Widow Mine  
  89  10:04  SCV  
  89  10:05  SCV, Missile Turret  
  97  10:09  SCV, Marine x3, Supply Depot x2  
  97  10:10  Missile Turret, Supply Depot  
  97  10:11  Marine  
  97  10:12  Factory  
  102  10:15  Marine  
  102  10:16  Marine  
  102  10:17  SCV x2, Medivac x2  
  102  10:20  Marine x3  
  113  10:22  SCV, Terran Infantry Weapons Level 3  
  113  10:27  Marine x2  
  116  10:33  Marine  
  116  10:35  Marine x3  
  105  10:45  Marine x3  
  105  10:49  Widow Mine x2, Marine x2  
  110  10:51  Marine  
  110  10:55  Marine x3  
  110  10:56  Command Center  
  118  11:02  Marine  
  118  11:03  Marine x2  
  121  11:07  Marine x2  
  121  11:09  Marine  
  123  11:13  Marine x2  
  122  11:20  Terran Infantry Armor Level 3  
  122  11:21  Missile Turret, Marine x2  
  122  11:22  Marine  
  122  11:23  Thor  
  122  11:24  Drilling Claws  
  131  11:26  Widow Mine x2  
  131  11:27  Marine  
  131  11:29  Marine  
  131  11:31  Medivac  
  131  11:32  Marine x2  
  135  11:41  Marine x4  
  135  11:45  Marine x2  
  141  11:49  Marine  
  141  11:51  Marine x2, Medivac  
  141  11:53  SCV x2  
  141  11:59  Marine x2  
  142  12:01  Marine x2  
  139  12:10  Marine x2  
  140  12:16  Marine x2  
  140  12:20  Marine  
  142  12:29  Marine x2  
  130  12:31  Marine  
  130  12:35  Marine  
  119  12:39  Marine x2  
  119  12:43  Marine  
  119  12:44  Marine  
  118  12:46  Widow Mine, Marine  
  118  12:47  Thor, Widow Mine, Marine x2  
  118  12:48  Medivac  
  118  12:49  Marine  
  122  12:53  Marine  
  122  12:57  Marine  
  124  13:00  Marine  
  124  13:04  Marine  
  126  13:07  Missile Turret, Marine x2  
  126  13:09  Planetary Fortress  
  126  13:11  Marine x4  
  132  13:16  Barracks x2  
  132  13:21  Barracks  
  131  13:32  Marine  
  131  13:33  Marine x2  
  131  13:34  Marine  
  132  13:39  Thor  
  134  13:46  Missile Turret  
  134  13:56  Marine  
  134  14:00  Marine x4  
  134  14:01  Missile Turret  
  139  14:03  Barracks Tech Lab  
  139  14:04  Widow Mine x2, Medivac x2  
  146  14:13  Barracks Tech Lab, Marine x3  
  146  14:14  Barracks Tech Lab x2  
  146  14:16  Marine  
  149  14:18  Marine  
  149  14:22  Marine x3, Marauder  
  155  14:31  Marine x3  
  156  14:38  Marine, Marauder  
  156  14:40  Marauder  
  156  14:44  Marauder  
  163  14:48  Marine  
  163  14:49  Marauder  
  163  14:51  Marine x2  
  155  14:56  Marine x3  
  155  14:57  Thor, Widow Mine x2  
  168  15:00  Marauder  
  168  15:01  Marauder  
  168  15:03  Marine  
  168  15:05  Marauder  
  164  15:10  Marauder  
  164  15:11  Marine x2  
  164  15:14  Marine x3  
  148  15:21  Marauder  
  148  15:23  Marauder  
  148  15:27  Marauder  
  145  15:31  Marauder  
  141  15:37  Marine x2  
  141  15:41  Concussive Shells  
  141  15:42  Orbital Command, Marine x4  
  148  15:43  Thor, Widow Mine x2, Marauder  
  148  15:44  Marauder  
  148  15:48  Marauder  
  163  15:51  Marine  
  163  15:53  Marauder  
  163  15:54  Medivac  
  163  15:55  Marine, Refinery x2  
  169  15:59  Refinery  
  169  16:00  Refinery  
  169  16:03  Marine  
  169  16:04  Marine x2, Marauder  
  172  16:06  Marauder  
  172  16:09  Marauder  
  178  16:14  Marauder  
  155  16:25  Marauder  
  155  16:27  Marine  
  155  16:28  Marine, Marauder  
  155  16:29  Marine x3  
  155  16:30  Marine x2  
  155  16:31  Marauder  
  155  16:32  SCV  
Tags
 
Add a new tag
Caveats
  • Supply blocks, unpowered buildings, or Contaminate may cause inaccurate times.
  • Supply counts are checked every 10 seconds.